[Event "Titled Tuesday Blitz May 30 Early 2023"]
[White "Zaichenko, Daria"]
[Black "Antal, Gergely"]
[WhiteFideId "4197453"]
[BlackFideId "717312"]
[WhiteElo "2039"]
[BlackElo "2471"]
[Result "0-1"]
[Round "01"]
[TimeControl "180+2"]
[Date "2023.05.30"]
[WhiteClock "0:00:37"]
[BlackClock "0:00:29"]

1. e4 d5 2. exd5 Nf6 3. Bb5+ Nbd7 4. c4 a6 5. Bxd7+ Qxd7 6. d4 b5 7. b3 bxc4 8. bxc4 c6 9. dxc6 Qxc6 10. Qf3 Qxc4 11. Ne2 Rb8 12. Nbc3 Bg4 13. Qg3 Rd8 14. Be3 Bxe2 15. Nxe2 e6 16. Rc1 Qxa2 17. Nc3 Qc4 18. f3 Bb4 19. Kd2 O-O 20. Rc2 Nd5 21. Rhc1 Nxe3 22. Kxe3 Qxd4+ 23. Ke2 Qd3+ 24. Ke1 Rc8 25. f4 Qxg3+ 26. hxg3 Rxc3 27. Rxc3 Rc8 28. Kd2 Rxc3 29. Rxc3 Kf8 30. Kd3 Bxc3 31. Kxc3 Ke7 32. Kb4 Kf6 0-1


[Site "https://www.chess.com"]

[Event "Titled Tuesday Blitz May 30 Early 2023"]
[White "Miranda, Rafael"]
[Black "Tsyhanchuk, Stanislav"]
[WhiteFideId "130990"]
[BlackFideId "13505130"]
[WhiteElo "2204"]
[BlackElo "2173"]
[Result "1-0"]
[Round "01"]
[TimeControl "180+2"]
[Date "2023.05.30"]
[WhiteClock "0:00:35"]
[BlackClock "0:00:11"]

1. e4 c5 2. Nf3 d6 3. c3 Nf6 4. h3 Nbd7 5. Bd3 g6 6. O-O Bg7 7. Re1 O-O 8. Bf1 Ne5 9. d4 cxd4 10. cxd4 Nxf3+ 11. Qxf3 Nd7 12. Be3 Qb6 13. Nc3 Re8 14. Nd5 Qd8 15. Rac1 Rb8 16. Rc2 e6 17. Nc7 Rf8 18. Nb5 a6 19. Nxd6 Nb6 20. Nxc8 Rxc8 21. Rxc8 Qxc8 22. Rc1 Qd8 23. Qd1 Nd7 24. Qb3 b5 25. a4 bxa4 26. Qxa4 a5 27. Bb5 Nb6 28. Qxa5 Bxd4 29. Rd1 Bc3 30. Rxd8 Bxa5 31. Rxf8+ Kxf8 32. Bc5+ Kg7 33. b4 1-0


[Site "https://www.chess.com"]

[Event "Titled Tuesday Blitz May 30 Early 2023"]
[White "Levitan, Caleb Levi"]
[Black "Turayev, Shahruh"]
[WhiteFideId "14332620"]
[BlackFideId "14003856"]
[WhiteElo "1963"]
[BlackElo "2185"]
[Result "0-1"]
[Round "01"]
[TimeControl "180+2"]
[Date "2023.05.30"]
[WhiteClock "0:00:02"]
[BlackClock "0:00:38"]

1. e4 d5 2. exd5 Qxd5 3. Nc3 Qa5 4. d4 Nf6 5. Bd2 Nc6 6. Nb5 Qb6 7. c4 Nxd4 8. Be3 e5 9. Nxd4 Bb4+ 10. Bd2 Bxd2+ 11. Qxd2 exd4 12. Nf3 c5 13. Bd3 O-O 14. O-O Bg4 15. Ne5 Bh5 16. Rae1 Rae8 17. f4 Qe6 18. Ng6 Qd6 19. Nxf8 Rxf8 20. h3 h6 21. f5 Qg3 22. Bb1 Nd7 23. Qf4 Qxf4 24. Rxf4 f6 25. Re7 Ne5 26. g4 Bf7 27. b3 Rb8 28. Re4 a6 29. R4xe5 fxe5 30. Rxe5 b5 31. Bd3 bxc4 32. Bxc4 Bxc4 33. bxc4 d3 34. Rd5 Rb1+ 35. Kf2 Rb2+ 36. Ke3 Rxa2 37. Kxd3 Ra3+ 38. Ke4 Rxh3 39. Rxc5 Rg3 40. Kf4 Rc3 41. Ke5 a5 42. Rxa5 Rxc4 43. Ra8+ Kh7 44. Ra7 Rxg4 45. f6 Rg5+ 46. Kf4 Rg1 47. f7 Rf1+ 48. Ke5 Kg6 49. Ke6 Rf6+ 50. Ke5 Rxf7 51. Ra6+ Rf6 52. Ra7 h5 53. Ra1 Kh6 54. Rg1 Rf8 55. Ke4 g5 56. Ke5 h4 57. Rh1 Kh5 58. Rg1 g4 59. Rh1 h3 60. Rg1 Kh4 61. Rh1 g3 62. Rg1 g2 0-1


[Site "https://www.chess.com"]

[Event "Titled Tuesday Blitz May 30 Early 2023"]
[White "Jakubowski, Krzysztof"]
[Black "Rodriguez Santiago, Jaime"]
[WhiteFideId "1112848"]
[BlackFideId "3100898"]
[WhiteElo "2359"]
[BlackElo "2025"]
[Result "1-0"]
[Round "01"]
[TimeControl "180+2"]
[Date "2023.05.30"]
[WhiteClock "0:00:45"]
[BlackClock "0:00:41"]

1. c4 e5 2. Nc3 Nf6 3. Nf3 Nc6 4. g3 h6 5. d3 Bb4 6. Bg2 O-O 7. O-O d5 8. Nxd5 Nxd5 9. cxd5 Qxd5 10. Be3 Qd6 11. Rc1 Be6 12. a3 Ba5 13. Bc5 Qd7 14. Bxf8 Rxf8 15. b4 Bb6 16. b5 Nd4 17. Nxe5 Qxb5 18. Nc4 Bg4 19. Re1 Re8 20. Ne3 Rxe3 21. fxe3 Nf5 22. d4 Nxe3 23. Qd3 Qg5 24. Rc3 Nf5 25. e3 c5 26. dxc5 Ba5 27. Rec1 Bxc3 28. Rxc3 Ne7 29. Qd8+ Kh7 30. Qd4 f5 31. Bxb7 1-0


[Site "https://www.chess.com"]

[Event "Titled Tuesday Blitz May 30 Early 2023"]
[White "Wang, Ricky"]
[Black "Kleiman, Jake"]
[WhiteFideId "2071916"]
[BlackFideId "2020041"]
[WhiteElo "2277"]
[BlackElo "2592"]
[Result "0-1"]
[Round "01"]
[TimeControl "180+2"]
[Date "2023.05.30"]
[WhiteClock "0:00:06"]
[BlackClock "0:00:34"]

1. e4 e5 2. Nf3 Nc6 3. d4 exd4 4. Nxd4 Bb4+ 5. c3 Bc5 6. Nb3 Bb6 7. Qe2 Nf6 8. Be3 O-O 9. N1d2 Re8 10. f3 d5 11. Bxb6 axb6 12. O-O-O Rxa2 13. Kb1 Ra8 14. f4 Bg4 15. Nf3 dxe4 16. Rxd8 Raxd8 17. Qc2 exf3 18. gxf3 Re1+ 19. Nc1 Bxf3 20. Bg2 Rxh1 21. Bxf3 Rf1 22. Qe2 Rdd1 23. Qxd1 Rxd1 24. Bxd1 Kf8 25. Bf3 Ke7 26. Kc2 g6 27. Nd3 Ne8 28. Kb3 Nd6 29. Bd5 Nd8 30. Kc2 c6 31. Bb3 Ne6 32. Kd2 Ne4+ 33. Ke3 N4c5 34. Bc2 Nxd3 35. Bxd3 f5 36. c4 Kd6 37. b4 Nc7 38. Kd4 c5+ 39. bxc5+ bxc5+ 40. Ke3 Ne6 41. Bf1 Nd4 42. Bg2 b6 43. Bf1 Ke6 44. Bg2 Kf6 45. Bh3 h6 46. Bg2 g5 47. h3 Ne6 48. fxg5+ hxg5 49. Bc6 Ke5 50. Bg2 Nd4 51. Bb7 b5 52. cxb5 Nxb5 53. Bc6 Nd4 54. Be8 c4 55. Kd2 Nf3+ 56. Ke2 Ng1+ 57. Kf2 Nxh3+ 0-1


[Site "https://www.chess.com"]

[Event "Titled Tuesday Blitz May 30 Early 2023"]
[White "Szabo, Marcell"]
[Black "Nissinen, Niilo Man"]
[WhiteFideId "2072033"]
[BlackFideId "30950767"]
[WhiteElo "1795"]
[BlackElo "1952"]
[Result "1-0"]
[Round "01"]
[TimeControl "180+2"]
[Date "2023.05.30"]
[WhiteClock "0:00:10"]
[BlackClock "0:00:00"]

1. e4 c5 2. Nf3 Nc6 3. b4 cxb4 4. d4 d5 5. exd5 Qxd5 6. c4 Qh5 7. d5 Ne5 8. Be2 Nxf3+ 9. gxf3 Qe5 10. Qb3 Qxa1 11. O-O Qf6 12. Bb2 Qg6+ 13. Kh1 Nf6 14. Rg1 Qh5 15. Qxb4 e6 16. Qb5+ Nd7 17. Nc3 a6 18. Qa4 Bd6 19. Rg2 e5 20. Ne4 Be7 21. Rxg7 Kf8 22. Rg2 f5 23. Ng3 Qh3 24. Qc2 Rg8 25. Bf1 f4 26. Nf5 Rxg2 27. Bxg2 Qh5 28. Nxe7 Kxe7 29. Ba3+ Kf7 30. c5 Nf6 31. d6 Bd7 32. Qb3+ Kg6 33. Qxb7 Rc8 34. Qxa6 e4 35. c6 Bxc6 36. d7 Bxd7 37. Bb2 Rc6 38. Qe2 exf3 39. Bxf3 Bg4 40. Qd3+ Kg7 41. Bxc6 f3 42. Bxf6+ Kf7 43. Qd5+ 1-0


[Site "https://www.chess.com"]

[Event "Titled Tuesday Blitz May 30 Early 2023"]
[White "Pg, Mohd Omar Ak Hira"]
[Black "Lamaze, Simon"]
[WhiteFideId "10500103"]
[BlackFideId "36069264"]
[WhiteElo "2167"]
[BlackElo "2272"]
[Result "0-1"]
[Round "01"]
[TimeControl "180+2"]
[Date "2023.05.30"]
[WhiteClock "0:00:07"]
[BlackClock "0:01:56"]

1. e4 c5 2. Nf3 e6 3. d4 cxd4 4. Nxd4 Nc6 5. Nc3 Nf6 6. Bc4 Bb4 7. O-O Bxc3 8. bxc3 Nxe4 9. Qg4 d5 10. Qxg7 Qf6 11. Qxf6 Nxf6 12. Bd3 Rg8 13. Re1 Bd7 14. Bb2 O-O-O 15. c4 dxc4 16. Bxc4 Rg6 17. Bd3 Rh6 18. Nb5 Ne8 19. Bc1 Rh5 20. Rb1 a6 21. Nc3 Ne5 22. Be4 Bc6 23. Bf4 Bxe4 24. Nxe4 Nc6 25. c4 Ra5 26. Rb2 f5 27. Ng5 e5 28. Bd2 Ra4 29. Rc1 Nd6 30. c5 Nc4 31. Rbc2 Nxd2 32. Nxh7 Nd4 33. Rxd2 Nf3+ 34. gxf3 Rxd2 35. Ng5 Raxa2 36. Nf7 Rxf2 37. Nxe5 Rg2+ 38. Kf1 Rxh2 39. c6 Rh1# 0-1


[Site "https://www.chess.com"]

[Event "Titled Tuesday Blitz May 30 Early 2023"]
[White "Ambartsumova, Karina"]
[Black "Dylag, Emilia"]
[WhiteFideId "4166299"]
[BlackFideId "21805172"]
[WhiteElo "2240"]
[BlackElo "1878"]
[Result "1-0"]
[Round "01"]
[TimeControl "180+2"]
[Date "2023.05.30"]
[WhiteClock "0:00:30"]
[BlackClock "0:00:00"]

1. e4 e5 2. Nf3 Nc6 3. Bc4 Nf6 4. O-O Be7 5. Re1 O-O 6. Nc3 d6 7. d4 exd4 8. Nxd4 Nxd4 9. Qxd4 Nd7 10. h3 c6 11. Bf4 b5 12. Bf1 Nc5 13. Qd2 Ne6 14. Bh2 Qc7 15. Rad1 Rd8 16. a4 b4 17. Ne2 a5 18. Ng3 Nc5 19. Nh5 g6 20. Nf4 Nxa4 21. Nd3 Be6 22. Qh6 Bf8 23. Qh4 c5 24. e5 c4 25. exd6 Bxd6 26. Ne5 Nxb2 27. Rxd6 Rxd6 28. Nf3 Qd8 29. Ng5 h6 30. Qxh6 Rc6 31. Be5 1-0


[Site "https://www.chess.com"]

[Event "Titled Tuesday Blitz May 30 Early 2023"]
[White "Bashirli, Saadat"]
[Black "Mathieu, Phileas"]
[WhiteFideId "13429990"]
[BlackFideId "36048410"]
[WhiteElo "1408"]
[BlackElo "2241"]
[Result "0-1"]
[Round "01"]
[TimeControl "180+2"]
[Date "2023.05.30"]
[WhiteClock "0:00:03"]
[BlackClock "0:00:55"]

1. e4 e5 2. Nf3 Nc6 3. Bc4 Nf6 4. d3 h6 5. c3 d6 6. O-O g5 7. Re1 Bg7 8. d4 O-O 9. dxe5 Nxe5 10. Nxe5 dxe5 11. Nd2 c6 12. f3 b5 13. Bb3 Qb6+ 14. Kh1 Rd8 15. Qe2 a5 16. Nf1 a4 17. Bc2 Nh5 18. Be3 Qc7 19. Rad1 Be6 20. b3 axb3 21. Bxb3 Nf4 22. Bxf4 exf4 23. Rxd8+ Rxd8 24. Qc2 Qe5 25. c4 b4 26. Rd1 Rxd1 27. Qxd1 c5 28. g3 Kh7 29. Bc2 Bxc4 30. gxf4 gxf4 31. Qb1 Qa1 32. Qxa1 Bxa1 33. Nd2 Bxa2 34. Kg2 c4 35. Kf2 b3 36. Bd1 b2 37. Bc2 Kg7 38. Ke2 Kf6 39. Nb1 Ke5 40. Nc3 b1=Q 41. Nxb1 Kd4 42. Kd2 c3+ 43. Ke2 Bb2 44. Kf2 Bc4 45. h4 Bd3 46. Bxd3 Kxd3 47. e5 c2 48. e6 cxb1=Q 49. exf7 Qc2+ 50. Kg1 Bd4+ 51. Kh1 Qf2 52. f8=Q Qg1# 0-1


[Site "https://www.chess.com"]

[Event "Titled Tuesday Blitz May 30 Early 2023"]
[White "Melian, Juan Sebastian"]
[Black "agvania123"]
[WhiteFideId "3706575"]
[WhiteElo "2092"]
[BlackElo "2247"]
[Result "0-1"]
[Round "01"]
[TimeControl "180+2"]
[Date "2023.05.30"]
[WhiteClock "0:00:00"]
[BlackClock "0:00:14"]

1. e4 d5 2. exd5 Qxd5 3. Nc3 Qd8 4. Nf3 Nf6 5. d4 g6 6. Bc4 Bg7 7. Qe2 O-O 8. Bf4 Bg4 9. O-O-O e6 10. h3 Bxf3 11. Qxf3 c6 12. g4 Nd5 13. Ne4 Nd7 14. Bd6 Re8 15. h4 N7f6 16. Be5 Nxe4 17. Qxe4 f6 18. Bg3 Qd7 19. f4 f5 20. Qe2 b5 21. Bb3 a5 22. c3 a4 23. Bc2 a3 24. Bb3 axb2+ 25. Kxb2 b4 26. cxb4 Qa7 27. Qc4 Qa3+ 28. Kb1 Nxb4 29. Rh2 Reb8 30. Ka1 Kh8 31. h5 gxh5 32. gxh5 Nd5 33. Rb1 c5 34. Bf2 Qb4 35. Qxb4 Rxb4 36. h6 Bxd4+ 37. Bxd4+ Rxd4 38. Rc2 Rc8 39. Rbc1 c4 40. Bxc4 Ne3 41. Rc3 Rdxc4 42. Rxc4 Rxc4 43. Re1 Nc2+ 44. Kb2 Nxe1 0-1


[Site "https://www.chess.com"]

[Event "Titled Tuesday Blitz May 30 Early 2023"]
[White "mohsengabr2002"]
[Black "Ismagilov, Damir"]
[BlackFideId "34199982"]
[WhiteElo "2246"]
[BlackElo "2143"]
[Result "0-1"]
[Round "01"]
[TimeControl "180+2"]
[Date "2023.05.30"]
[WhiteClock "0:01:13"]
[BlackClock "0:01:28"]

1. e4 g6 2. d4 Bg7 3. Nc3 d6 4. f3 e5 5. Be3 Nc6 6. Nge2 Nf6 7. d5 Ne7 8. g4 h5 9. g5 Nh7 10. h4 Bd7 11. Bh3 Bxh3 12. Rxh3 Qd7 13. Rh2 c5 14. a4 f5 15. gxf6 Bxf6 16. Qd2 a6 17. Kf2 O-O 18. Rg1 Kh8 19. Kg2 Rf7 20. Kh1 Bg7 21. Rg3 b5 22. axb5 axb5 23. Ng1 Ra1 24. Rf2 Bf6 25. Rh2 b4 26. Nd1 Qb5 27. Kg2 Nf8 28. Bg5 Nd7 29. Bxf6+ Nxf6 30. Nh3 Nxe4 31. Qh6+ Kg8 32. Rxg6+ Nxg6 33. Ne3 Qe2+ 34. Nf2 Qxf2+ 0-1


[Site "https://www.chess.com"]

[Event "Titled Tuesday Blitz May 30 Early 2023"]
[White "Shevtchenko, Olesya"]
[Black "Kazmin_Semyon"]
[WhiteFideId "24131890"]
[WhiteElo "2003"]
[BlackElo "2245"]
[Result "0-1"]
[Round "01"]
[TimeControl "180+2"]
[Date "2023.05.30"]
[WhiteClock "0:00:00"]
[BlackClock "0:00:57"]

1. e4 e6 2. d4 d5 3. Nd2 a6 4. Ngf3 h6 5. c3 Nf6 6. Bd3 c5 7. e5 Nfd7 8. O-O Nc6 9. Re1 g5 10. h3 h5 11. dxc5 g4 12. Nd4 Ncxe5 13. N2b3 gxh3 14. Bf4 Bg7 15. gxh3 Qh4 16. Bg3 Qxh3 17. Bf1 Qg4 18. Be2 Qg6 19. Kh1 Ng4 20. Bd3 Qf6 21. f3 h4 22. Kg1 hxg3 23. Qe2 Nge5 24. Bf5 exf5 25. f4 Qh4 26. Qg2 Qxf4 27. c6 bxc6 28. Nxc6 Bb7 29. Nbd4 Kf8 30. Nb4 Rh2 31. Qf1 Qh4 0-1


[Site "https://www.chess.com"]

[Event "Titled Tuesday Blitz May 30 Early 2023"]
[White "Afanasieva, Alexandra"]
[Black "Bartel, Michal"]
[WhiteFideId "34126926"]
[BlackFideId "1119257"]
[WhiteElo "1745"]
[BlackElo "2282"]
[Result "0-1"]
[Round "01"]
[TimeControl "180+2"]
[Date "2023.05.30"]
[WhiteClock "0:00:02"]
[BlackClock "0:01:39"]

1. e4 e5 2. Nf3 Nc6 3. Bb5 g6 4. O-O Bg7 5. c3 d6 6. d4 Bd7 7. Re1 Nge7 8. Bg5 h6 9. Be3 O-O 10. Qd2 Kh7 11. Bd3 Bg4 12. Be2 Bxf3 13. Bxf3 f5 14. d5 Nb8 15. Qd3 Nd7 16. c4 b6 17. Nc3 a5 18. b3 Nf6 19. a3 f4 20. Bd2 g5 21. h3 h5 22. Qe2 Qe8 23. Nb5 Rc8 24. b4 a4 25. g4 fxg3 26. fxg3 Qg6 27. g4 hxg4 28. hxg4 Qf7 29. Bxg5 Ng6 30. Qh2+ Kg8 31. Rf1 Nh7 32. Be3 Nf4 33. Bxf4 exf4 34. Ra2 Qg6 35. Qh5 Qxh5 36. gxh5 Ng5 37. Rg2 Bh6 38. Na7 Rce8 39. Nc6 Kh8 40. Nd4 Nxf3+ 41. Nxf3 Rxe4 42. Kh2 Rxc4 43. Nh4 Kh7 44. Rfg1 f3 45. Rf2 Rxh4+ 0-1


[Site "https://www.chess.com"]

[Event "Titled Tuesday Blitz May 30 Early 2023"]
[White "Terletsky, Oleg"]
[Black "De Souza, Cristiano Gomes"]
[WhiteFideId "14116774"]
[BlackFideId "2151758"]
[WhiteElo "2084"]
[BlackElo "2068"]
[Result "1/2-1/2"]
[Round "01"]
[TimeControl "180+2"]
[Date "2023.05.30"]
[WhiteClock "0:00:06"]
[BlackClock "0:00:46"]

1. e4 c5 2. Nf3 d6 3. d4 cxd4 4. Nxd4 Nf6 5. Nc3 g6 6. Bc4 Bg7 7. f3 O-O 8. Be3 Nc6 9. Qd2 Bd7 10. h4 Rc8 11. Bb3 h5 12. O-O-O Ne5 13. Bg5 Rc5 14. Kb1 Re8 15. g4 hxg4 16. h5 Nxh5 17. Rxh5 gxh5 18. Qh2 gxf3 19. Qxh5 Bg4 20. Qh4 f2 21. Rh1 Rxc3 22. Qh7+ Kf8 23. Ne6+ fxe6 24. Bh6 Bxh6 25. Qxh6+ Kf7 26. Qh7+ Kf6 27. Qh4+ Kg6 28. Qh6+ Kf7 29. Qh7+ Kf6 30. Qh4+ Kg6 31. Qh6+ Kf7 1/2-1/2


[Site "https://www.chess.com"]

[Event "Titled Tuesday Blitz May 30 Early 2023"]
[White "Sailer, Mike"]
[Black "Do Nascimento,Christian Almeida"]
[WhiteFideId "2012901"]
[BlackFideId "2143801"]
[WhiteElo "2109"]
[BlackElo "2118"]
[Result "0-1"]
[Round "01"]
[TimeControl "180+2"]
[Date "2023.05.30"]
[WhiteClock "0:00:28"]
[BlackClock "0:01:15"]

1. d4 d5 2. Bg5 Nf6 3. Bxf6 exf6 4. e3 Bd6 5. c4 dxc4 6. Bxc4 O-O 7. Nc3 c6 8. Nge2 Re8 9. O-O Be6 10. Bxe6 fxe6 11. Qb3 Qb6 12. Qxb6 axb6 13. e4 Nd7 14. a3 b5 15. Rac1 Nb6 16. Rfd1 Nc4 17. Rc2 Red8 18. d5 exd5 19. exd5 Be5 20. dxc6 Rxd1+ 21. Nxd1 bxc6 22. Kf1 Rd8 23. Ke1 Kf7 24. g3 g5 25. a4 h5 26. axb5 cxb5 27. b3 Nd6 28. Rc7+ Kg6 29. Ndc3 Ne4 30. Rc6 Nxc3 31. Nxc3 b4 32. Ne4 Rd3 33. Nc5 Rc3 34. Rb6 Rxc5 35. Ke2 Rc2+ 0-1


[Site "https://www.chess.com"]

[Event "Titled Tuesday Blitz May 30 Early 2023"]
[White "Gontcharov, Vladislav"]
[Black "Cesar Maestre, Bernardo"]
[WhiteFideId "4123492"]
[BlackFideId "24542547"]
[WhiteElo "2420"]
[BlackElo "2271"]
[Result "1-0"]
[Round "01"]
[TimeControl "180+2"]
[Date "2023.05.30"]
[WhiteClock "0:00:14"]
[BlackClock "0:00:00"]

1. e4 c6 2. d4 d5 3. Nc3 dxe4 4. Nxe4 Bf5 5. Ng3 Bg6 6. Nh3 Nf6 7. Nf4 Nbd7 8. c3 e5 9. Nxg6 hxg6 10. Be2 exd4 11. Qxd4 Bc5 12. Qc4 Qe7 13. O-O Ne5 14. Qf4 Nd5 15. Qg5 f6 16. Qd2 O-O-O 17. Qc2 f5 18. h3 Qh4 19. Kh2 Ng4+ 20. Bxg4 fxg4 21. Qxg6 gxh3 22. Qe6+ Kb8 23. gxh3 Rde8 24. Qf5 Rhf8 25. Qg4 Qe7 26. Bg5 Qc7 27. Kg2 Nf4+ 28. Bxf4 Rxf4 29. Qg6 Ref8 30. Ne4 Bb6 31. f3 Ka8 32. Rad1 a6 33. Qd6 Qf7 34. Rd3 1-0


[Site "https://www.chess.com"]

[Event "Titled Tuesday Blitz May 30 Early 2023"]
[White "FunnyDuck66"]
[Black "ArtemDyachuk"]
[WhiteElo "2219"]
[BlackElo "2567"]
[Result "0-1"]
[Round "01"]
[TimeControl "180+2"]
[Date "2023.05.30"]
[WhiteClock "0:00:00"]
[BlackClock "0:00:33"]

1. d4 Nf6 2. Nf3 e6 3. Bg5 c5 4. e3 Nc6 5. Nbd2 cxd4 6. exd4 Be7 7. c3 Nd5 8. Bxe7 Ncxe7 9. Bd3 Nf4 10. Bf1 Qb6 11. Qc2 d6 12. g3 Nfd5 13. Bd3 Bd7 14. O-O Rc8 15. Qb3 Qc7 16. c4 Nf6 17. Rac1 h5 18. h4 Ng4 19. Ne4 Nf5 20. Neg5 Bc6 21. Bxf5 exf5 22. d5 Bd7 23. Rfe1+ Kf8 24. Nd4 Qc5 25. Rcd1 Qxc4 26. Qxb7 Nf6 27. Nxf5 Qc2 28. Nxd6 Ng4 29. Qxa7 Rc7 30. Qd4 Rh6 31. Ngxf7 Rf6 32. Rd2 Qg6 33. Rde2 Rxd6 34. Nxd6 Qxd6 35. Re7 Nf6 36. Qe3 Nxd5 37. Qf3+ Nf6 38. Qe3 Bc6 39. Qg5 Rxe7 0-1


[Site "https://www.chess.com"]

[Event "Titled Tuesday Blitz May 30 Early 2023"]
[White "Shuvalov, Evgenij"]
[Black "Coelho, Ramyres Santana"]
[WhiteFideId "4187237"]
[BlackFideId "2120690"]
[WhiteElo "2080"]
[BlackElo "1888"]
[Result "1-0"]
[Round "01"]
[TimeControl "180+2"]
[Date "2023.05.30"]
[WhiteClock "0:00:29"]
[BlackClock "0:00:14"]

1. d4 Nf6 2. c4 g6 3. Nc3 d5 4. cxd5 Nxd5 5. e4 Nxc3 6. bxc3 Bg7 7. Nf3 O-O 8. Rb1 c5 9. Be2 cxd4 10. cxd4 Qa5+ 11. Bd2 Qxa2 12. O-O Nc6 13. d5 Ne5 14. Nxe5 Bxe5 15. Qc1 Bg7 16. Bc4 Qa4 17. Re1 a6 18. Bb4 Re8 19. Qd2 Qd7 20. e5 b5 21. Bb3 Bb7 22. Rbd1 Qg4 23. h3 Qh4 24. Kh2 Bh6 25. Qd4 Qxd4 26. Rxd4 Rac8 27. e6 fxe6 28. d6 exd6 29. Bxe6+ Rxe6 30. Rxe6 d5 31. g3 Bg7 32. Rd1 d4 33. Re7 Bf3 34. Rde1 h5 35. Re8+ Rxe8 36. Rxe8+ Kf7 37. Re7+ Kf6 38. Rd7 Bc6 39. Rd6+ Kf5 40. Rxc6 Ke4 41. Rxg6 Be5 42. Rxa6 d3 43. Rb6 Kf3 44. Rxb5 Bd4 45. Rd5 Ke4 46. Rxh5 Bxf2 47. Rh7 Bc5 48. Bxc5 d2 49. Rd7 d1=Q 50. Rxd1 Kf3 51. h4 Ke2 52. Rg1 Kf3 53. g4 Kf4 54. g5 Kf5 55. g6 Kf6 56. g7 Ke6 57. g8=Q+ Kf5 58. Qg5+ Ke6 59. Re1+ 1-0


[Site "https://www.chess.com"]

[Event "Titled Tuesday Blitz May 30 Early 2023"]
[White "Borodavkin, Anatoly"]
[Black "Kiremitciyan, Ari"]
[WhiteFideId "14150662"]
[BlackFideId "6373445"]
[WhiteElo "1991"]
[BlackElo "2181"]
[Result "0-1"]
[Round "01"]
[TimeControl "180+2"]
[Date "2023.05.30"]
[WhiteClock "0:00:00"]
[BlackClock "0:00:06"]

1. e4 e5 2. Nf3 Nc6 3. Bb5 g6 4. O-O Bg7 5. d3 d6 6. h3 Ne7 7. Be3 O-O 8. Qd2 a6 9. Ba4 b5 10. Bb3 Nd4 11. Nxd4 exd4 12. Bh6 Be6 13. Bxg7 Kxg7 14. Bxe6 fxe6 15. a4 c5 16. axb5 axb5 17. Rxa8 Qxa8 18. Qg5 Rf7 19. f4 Qa2 20. f5 exf5 21. exf5 Nxf5 22. g4 Ne3 23. Rxf7+ Qxf7 24. Nd2 Qf6 25. Qxf6+ Kxf6 26. c3 Ke5 27. c4 bxc4 28. dxc4 d3 29. b3 Kd4 30. Kf2 Nd1+ 31. Ke1 Nb2 32. h4 h5 33. g5 Kc3 34. Ne4+ Kxb3 35. Kd2 Nxc4+ 36. Kxd3 Ne5+ 37. Ke3 Nf7 38. Nf6 c4 39. Nd5 Ne5 40. Kd2 Kb2 0-1


[Site "https://www.chess.com"]

[Event "Titled Tuesday Blitz May 30 Early 2023"]
[White "Romkachess"]
[Black "Nugumanov, Bakhtiyar"]
[BlackFideId "13701797"]
[WhiteElo "2564"]
[BlackElo "2209"]
[Result "0-1"]
[Round "01"]
[TimeControl "180+2"]
[Date "2023.05.30"]
[WhiteClock "0:01:09"]
[BlackClock "0:00:22"]

1. e4 e6 2. d4 d5 3. Nc3 Bb4 4. e5 c5 5. a3 Bxc3+ 6. bxc3 Nc6 7. Qg4 g6 8. h4 h6 9. Ne2 Qa5 10. Bd2 c4 11. g3 Bd7 12. Bh3 O-O-O 13. O-O Nce7 14. Rfb1 f5 15. exf6 Nxf6 16. Qf4 Ne4 17. Be1 g5 18. Qe3 gxh4 19. gxh4 Rdg8+ 20. Kh1 Nf5 21. Bxf5 exf5 22. f3 Nf6 23. Bg3 Nh5 24. Be5 Qd8 25. Qf2 f4 26. Nxf4 Ng3+ 27. Kh2 Qxh4+ 0-1


[Site "https://www.chess.com"]

[Event "Titled Tuesday Blitz May 30 Early 2023"]
[White "Samaganova, Aleksandra"]
[Black "Baghdasaryan, Vahe"]
[WhiteFideId "13800221"]
[BlackFideId "13303139"]
[WhiteElo "1858"]
[BlackElo "2216"]
[Result "0-1"]
[Round "01"]
[TimeControl "180+2"]
[Date "2023.05.30"]
[WhiteClock "0:00:02"]
[BlackClock "0:00:06"]

1. c4 c6 2. Nf3 d5 3. e3 Nf6 4. Nc3 Nbd7 5. d4 e6 6. Bd3 Bd6 7. O-O O-O 8. e4 dxc4 9. Bxc4 e5 10. h3 Qe7 11. Re1 exd4 12. Nxd4 Ne5 13. Be2 Rd8 14. Qc2 Bc7 15. Be3 Ng6 16. Rad1 Nf4 17. Bf1 N6h5 18. Nf5 Bxf5 19. exf5 Qg5 20. Bxf4 Nxf4 21. Re3 Bb6 22. Rf3 Rxd1 23. Nxd1 Re8 24. Qc4 Nd5 25. Qg4 Qf6 26. Ne3 Nxe3 27. fxe3 Bxe3+ 28. Kh1 h6 29. Qb4 Bb6 30. Qd2 Qe5 31. Bc4 Bc7 32. g3 Qe4 33. Kg2 Qxc4 34. Qf2 Re2 35. g4 Rxf2+ 36. Rxf2 Bb6 37. Rd2 Qe4+ 38. Kf1 Qf3+ 39. Ke1 Ba5 0-1


[Site "https://www.chess.com"]

[Event "Titled Tuesday Blitz May 30 Early 2023"]
[White "Sousa, Andre Ventura"]
[Black "Larina, Maria"]
[WhiteFideId "1917617"]
[BlackFideId "24113182"]
[WhiteElo "2333"]
[BlackElo "1848"]
[Result "1-0"]
[Round "01"]
[TimeControl "180+2"]
[Date "2023.05.30"]
[WhiteClock "0:00:55"]
[BlackClock "0:00:08"]

1. e4 c6 2. d4 d5 3. Nd2 dxe4 4. Nxe4 Nf6 5. Nxf6+ exf6 6. Be3 Bd6 7. Bd3 O-O 8. Ne2 Re8 9. c4 Nd7 10. Qc2 h5 11. O-O-O Nf8 12. h3 Be6 13. g4 h4 14. Rhg1 Rc8 15. g5 f5 16. Bxf5 Qa5 17. Bxe6 Nxe6 18. g6 f6 19. Kb1 b5 20. c5 Bf8 21. Qe4 Bxc5 22. dxc5 Nxc5 23. Qxh4 b4 24. Qh7+ Kf8 25. Qh8+ Ke7 26. Qxg7+ Ke6 27. Qf7+ Ke5 28. Bd4+ Kf5 29. Qxf6+ Ke4 30. f3+ Kd5 31. Rg5+ Kc4 32. Rc1+ Kd3 33. Rgxc5 Qd8 34. Qf5+ Kxe2 35. R5c2# 1-0


[Site "https://www.chess.com"]

[Event "Titled Tuesday Blitz May 30 Early 2023"]
[White "Floresvillar Gonzalez, Luis Migu"]
[Black "Marra, Eduardo da Costa"]
[WhiteFideId "5100542"]
[BlackFideId "2106990"]
[WhiteElo "2040"]
[BlackElo "2252"]
[Result "0-1"]
[Round "01"]
[TimeControl "180+2"]
[Date "2023.05.30"]
[WhiteClock "0:00:00"]
[BlackClock "0:00:37"]

1. d4 Nf6 2. c3 e6 3. Bg5 c5 4. e3 d5 5. Nd2 Nbd7 6. Bd3 Bd6 7. f4 h6 8. Bxf6 Nxf6 9. Ngf3 Bd7 10. O-O Qc7 11. Ne5 Bc6 12. Rc1 c4 13. Bb1 b5 14. b4 a5 15. a3 axb4 16. axb4 Ra3 17. Ng4 Ne4 18. Nxe4 dxe4 19. Ne5 Bd5 20. Qg4 O-O 21. h4 f5 22. Qh3 Kh7 23. g4 Bxe5 24. fxe5 Qe7 25. gxf5 exf5 26. Rxf5 Be6 27. Bxe4 Bxf5 28. Bxf5+ Kg8 29. e4 Ra2 30. Rf1 Rd2 31. Qg3 Qe8 32. Rf2 Rd1+ 33. Rf1 Rxf1+ 34. Kxf1 Qh5 35. Kg2 Qe2+ 36. Kh3 Qf1+ 37. Kh2 Qe2+ 38. Kh3 Qh5 39. Qg4 Qe8 40. Qg6 Qxg6 41. Bxg6 Rf3+ 42. Kg4 Rxc3 43. e6 Kf8 44. d5 Rd3 45. Kf4 c3 0-1


[Site "https://www.chess.com"]

[Event "Titled Tuesday Blitz May 30 Early 2023"]
[White "Budrewicz, Krzysztof"]
[Black "Acikel, Mert"]
[WhiteFideId "1127950"]
[BlackFideId "12956465"]
[WhiteElo "2230"]
[BlackElo "2097"]
[Result "1-0"]
[Round "01"]
[TimeControl "180+2"]
[Date "2023.05.30"]
[WhiteClock "0:00:41"]
[BlackClock "0:00:00"]

1. d4 d5 2. c4 e6 3. Nc3 Nf6 4. Nf3 Be7 5. Bf4 O-O 6. e3 Nbd7 7. cxd5 exd5 8. Bd3 c6 9. O-O Re8 10. h3 Nf8 11. Rb1 Bd6 12. Bxd6 Qxd6 13. b4 Be6 14. b5 c5 15. dxc5 Qxc5 16. Ne2 Ne4 17. Nfd4 Bd7 18. Rc1 Qd6 19. Nb3 Qf6 20. Nf4 Be6 21. Be2 Nc3 22. Qd4 Nxe2+ 23. Nxe2 Rac8 24. Qxf6 gxf6 25. Ned4 Nd7 26. a4 Ne5 27. Na5 Nd3 28. Rxc8 Rxc8 29. Nxb7 Rc4 30. a5 Bd7 31. Rb1 Ra4 32. b6 axb6 33. axb6 Ra8 34. Nd6 Kf8 35. b7 Rb8 36. Rb3 Nc5 37. Rc3 Na6 38. Ra3 Nc7 39. Ra7 Ke7 40. N6f5+ Bxf5 41. Nxf5+ Kd7 42. Nd4 Ne6 43. Ra5 Kd6 44. Nf5+ Kc6 45. Ne7+ Kxb7 46. Nxd5 Kc6 47. Nxf6 1-0


[Site "https://www.chess.com"]